 Dungeon Crawl Stone Soup version bcrawl-1.40.2 (webtiles) character file.

Game seed: 4469157509772508552

385964 zoran the Covert (level 14, -5/99 HPs)
             Began as an Octopode Spelunker on Nov 4, 2023.
             Was the Champion of Dithmenos.
             Slain by a fire giant
             ... wielding a +1 great sword of flaming
              (27 damage)
             ... on level 12 of the Dungeon.
             The game lasted 01:08:04 (22968 turns).

zoran the Covert (Octopode Spelunker)              Turns: 22968, Time: 01:08:05

Health: -5/99      AC:  1    Str: 12    XL:     14   Next: 67%
Magic:  19/26      EV: 20    Int: 15    God:    Dithmenos [******]
Gold:   573        SH:  0    Dex: 15    Spells: 21/29 levels left

rFire    . . .     GDR:     27% q - +1 dagger (elec)
rCold    . . .     SeeInvis +   (no shield)
rNeg     . . .     Gourm    .   (helmet restricted)
rPois    .         Faith    .   A - scarf {clouds}
rElec    +         Spirit   .   (no amulet)
rCorr    +         Reflect  .   f - ring of see invisible
MR       +....                  p - ring of insulation Stlth *+++++++++
                                y - ring of resist corrosion
HPRegen  0.26/turn              (no ring)
MPRegen  0.20/turn              (no ring)
                                (no ring)
                                (no ring)
                                (no ring)

@: wreathed by umbra
A: almost no armour, stealthy swim, resist paralysis, amphibious, 8 rings,
constrict 8, camouflage 1, gelatinous body 1
a: Shadow Step, Shadow Form, Renounce Religion, Evoke Fog


You were on level 12 of the Dungeon.
You worshipped Dithmenos.
Dithmenos was exalted by your worship.
You were not hungry.

You visited 3 branches of the dungeon, and saw 19 of its levels.
You also visited: Bailey, Gauntlet and Ice Cave.

You collected 1590 gold pieces.
You spent 1017 gold pieces at shops.

Inventory:

Hand Weapons
 l - a +0 blowgun
 n - a +0 demon trident of venom
 q - a +1 dagger of electrocution (weapon)
 u - a +5 long sword of holy wrath
 v - the +2 rapier "Zadih" {pierce, *Slow rC+ MR+ Str+4}
   (You bought it in a shop on level 5 of the Dungeon)

   It will always inflict at least some extra damage.
   This minimum extra damage increases with your current reserve of magical
   power.
   It affects your strength (+4).
   It protects you from cold.
   It affects your resistance to hostile enchantments.
   It may slow you when you take damage.
 Q - a +2 dagger of draining
 S - a +1 long sword of draining
Missiles
 k - 332 poisoned needles
 t - 18 needles of frenzy {=f}
 D - 191 poisoned tomahawks (quivered)
 E - 104 javelins
Armour
 A - a scarf of clouds (worn)
Magical Staves
 K - an uncursed staff of death {unknown}
Jewellery
 f - a ring of see invisible (left tentacle)
 p - a ring of insulation (right tentacle)
 y - a ring of resist corrosion (on tentacle)
Wands
 b - a wand of digging (3)
 r - a wand of iceblast (15)
 T - a wand of disintegration (18)
 U - a wand of charming (11)
Scrolls
 d - a scroll of noise
 h - 7 scrolls of enchant armour
 i - a scroll of identify
 m - a scroll of fog
 o - 5 scrolls of amnesia
 s - 7 scrolls of remove curse
 w - 4 scrolls of blinking
 B - 3 scrolls of teleportation
 G - 3 scrolls of vulnerability
 L - 3 scrolls of enchant weapon
 M - 2 scrolls of fear
 O - a scroll of immolation
Potions
 a - a potion of berserk rage
 g - a potion of resistance
 j - a potion of agility {unknown}
 x - 2 potions of mutation
 z - 3 potions of might
 C - 3 potions of haste
 F - 3 potions of ambrosia
 H - 2 potions of magic
 I - 4 potions of curing
 J - a potion of flight
 P - 2 potions of brilliance
Miscellaneous
 c - a lamp of fire (inert)
 N - a lightning rod (inert)
Comestibles
 e - 33 rations {!d}
 R - a chunk of flesh


   Skills:
 + Level 10.3 Fighting
 + Level 8.5 Short Blades
 + Level 5.5 Throwing
 + Level 10.3 Dodging
 + Level 12.5 Stealth
 - Level 8.0 Spellcasting
 + Level 3.4 Conjurations
 - Level 2.0 Hexes
 - Level 2.0 Charms
 - Level 2.0 Transmutations
 + Level 3.3 Air Magic
 - Level 2.0 Earth Magic
 - Level 5.0 Poison Magic
 - Level 10.0 Invocations
 - Level 10.0 Evocations


You had 21 spell levels left.
You knew the following spells:

 Your Spells              Type           Power        Failure   Level  Hunger
b - Passwall              Tmut/Erth      ##......     8%          2    None
q - Mephitic Cloud        Conj/Pois/Air  ###.....     7%          3    None
s - Swiftness             Chrm/Air       ##......     6%          2    None
z - Corona                Hex            ##.....      5%          1    None

Your spell library contained the following spells:

 Spells                   Type           Power        Failure   Level  Hunger
 Static Discharge         Air            ###...       3%          1    None
 Throw Frost              Conj/Ice       ##....       3%          2    None
 Shock                    Conj/Air       ###....      4%          2    None
 Apportation              Tloc           #.....       12%         1    None
 Freeze                   Ice            #.....       12%         1    None
 Summon Butterflies       Summ           #.......     12%         1    None
 Tukima's Dance           Hex            ##......     16%         3    None
 Ozocubu's Armour         Chrm/Ice       #.......     24%         3    None
 Lightning Bolt           Conj/Air       ###.....     28%         4    ###....
 Beckoning                Tloc           #.........   34%         3    None
 Throw Icicle             Conj/Ice       ##......     52%         4    ###....
 Ice Form                 Ice/Tmut       #.......     61%         4    ###....
 Summon Ice Beast         Ice/Summ       #.......     75%         4    ###....
 Deflect Missiles         Chrm/Air       ##........   99%         6    ######.
 Invisibility             Hex            ##......     100%        6    ######.


Dungeon Overview and Level Annotations

Branches:
Dungeon (12/12)            Temple (0/1) D:6            Lair (6/6) D:8
 Shoals (0/3) Lair:4        Snake (0/3) Lair:2        Slime (0/5) Orc
    Orc (1/1) D:9
    Elf: Lair:5-6    Vaults: D:11-12     Forest: Lair:5-6    Depths: D:12

Altars:
Dithmenos
Fedhas
Makhleb
Jiyva

Shops:
D:5 (   D:7 (*[!*   D:10 %   Orc ![[[

Annotations:
D:10 3 runed translucent doors, Exe's ghost, journeyman MiAc
Lair:5 1 runed translucent door, zoran's ghost, journeyman MiHu
Lair:6 exclusion: death yak


Innate Abilities, Weirdness & Mutations

You cannot wear most types of armour.
You are very stealthy in the water. (Stealth+)
Your unusual nervous system resists paralysis.
You are amphibious.
You can wear up to eight rings at the same time.
You can use your tentacles to constrict eight enemies at once.
Your skin changes colour to match your surroundings (Stealth+).
Your rubbery body absorbs attacks. (AC +1, EV +1)


Message History

The fireball explodes!
The fireball engulfs you!!!
Ouch! That really hurt!
* * * LOW HITPOINT WARNING * * *
You emit a cloud of dark smoke.
The fireball engulfs the fire giant.
The fire giant resists.
Evoke which item? (* to show all) (? for menu, Esc to quit)
Aiming: Thunderbolt
Press: ? - help, Shift-Dir - straight line, f/p - fire giant
Aim: a fire giant, wielding a +1 great sword of flaming (black smoke, almost dead, blind, hasn't noticed you, umbra) Dithmenos accepts your kill.
You feel a bit more experienced.
The centaur is blinded by the flash.
The thunderbolt hits the centaur!
The centaur is blinded by the flash.
The centaur is severely wounded.
The thunderbolt hits the fire giant!
The fire giant is almost dead.
The fire giant shouts!
The lightning rod overheats!
You hear a grinding noise.
The fire giant hits you with a +1 great sword of flaming!!
You die...

. ###........#
#
#..###..###...#
#. .
#.....####...#
... ..
#..###..#...###
#### #.. #
#.....## # #..
##.#### # #..
#.##
..#...#####.#
#.c..5§C@§§.#
#.....#####.#
..... #... .###
#.#..# ..###.#
.## .# . .


You could see a fire giant (blind).

Vanquished Creatures
  Urug (Lair:4)
  4 hydras
  A two-headed ogre (D:9)
  2 death yaks
  3 orc high priests (Orc)
  A goliath frog (Lair:6)
  An unseen horror (D:10)
  A wolf spider zombie (D:10)
  Pikel (D:6)
  A wolf spider (Lair:4)
  An orc sorcerer (D:9)
  2 deep elf magi (D:11)
  4 ugly things
  A merfolk siren (Lair:4)
  4 black mambas
  Joseph (D:9)
  10 cane toads
  3 komodo dragons
  A kobold demonologist (D:11)
  A rime drake (Lair:3)
  3 meliai (D:12)
  3 merfolk (Lair:4)
  4 trolls
  A polar bear (Lair:5)
  3 hornets
  14 blink frogs
  7 slime creatures
  Grum (D:11)
  Prince Ribbit (D:6)
  8 hippogriffs
  4 dream sheep (Lair:4)
  3 spriggans
  6 wyverns
  A shadow (D:11)
  A wraith (D:11)
  48 yaks
  Eustachio (D:6)
  4 hungry ghosts
  2 basilisks
  Menkaure (D:6)
  4 wargs
  3 crocodiles
  3 water moccasins
  2 acid dragons
  A slave (D:6)
  5 porcupines
  A soldier ant (D:9)
  An ice beast (D:9)
  16 orc warriors
  3 sky beasts
  A necrophage (D:10)
  3 black bears
  2 phantoms
  58 wolves
  5 ogres
  8 bullfrogs
  2 kobold brigands
  6 centaurs
  4 scorpions
  3 killer bees (D:7)
  4 electric eels
  2 howler monkeys (D:8)
  20 orc priests
  10 crimson imps
  2 bullfrog zombies
  3 bullfrog skeletons
  26 orc wizards
  11 hounds
  2 jellies
  14 worker ants
  A hound zombie (D:7)
  A hound skeleton (D:11)
  2 worker ant zombies
  6 gnolls
  12 adders
  2 shadow imps
  12 white imps
  3 oozes
  5 adder skeletons
  A worm (D:4)
  3 dart slugs
  4 leopard geckos
  52 orcs
  3 ball pythons
  7 bats
  5 giant cockroaches
  11 goblins
  6 hobgoblins
  9 jackals
  6 quokkas
  2 frilled lizards (D:1)
  A jackal skeleton (D:5)
  20 kobolds
  A quokka skeleton (D:5)
  9 rats
569 creatures vanquished.

Vanquished Creatures (collateral kills)
  3 killer bees (D:9)
3 creatures vanquished.

Vanquished Creatures (others)
  A wolf spider zombie (D:9)
  A manticore (D:9)
  A queen bee (D:9)
  An orc warrior (D:9)
  A slave (D:6)
  20 killer bees (D:9)
  A worker ant zombie (D:9)
  2 white imps
  3 ufetubi (IceCv)
  An orc (D:9)
  21 fungi
  11 plants
64 creatures vanquished.

Grand Total: 636 creatures vanquished

Notes
Turn   | Place    | Note
-------+----------+-------------------------------------------
     0 | D:1      | zoran the Octopode Spelunker began the quest for the Orb.
     0 | D:1      | Reached XP level 1. HP: 14/14 MP: 3/3
   184 | D:1      | Reached XP level 2. HP: 16/19 MP: 3/5
   531 | D:1      | Reached XP level 3. HP: 24/24 MP: 2/6
   536 | D:1      | Reached skill level 1 in Dodging
  1541 | D:2      | Reached skill level 5 in Stealth
  1594 | D:2      | Reached XP level 4. HP: 29/30 MP: 7/7
  2181 | D:3      | Noticed a sky beast
  2382 | D:3      | Found a shadowy altar of Dithmenos.
  2386 | D:3      | Noticed an ogre
  2404 | D:3      | Killed an ogre
  2405 | D:3      | Reached XP level 5. HP: 36/36 MP: 8/8
  2413 | D:3      | Became a worshipper of Dithmenos the Shadowed
  3042 | D:4      | Reached XP level 6. HP: 42/42 MP: 9/9
  3076 | D:4      | Reached skill level 1 in Throwing
  3076 | D:4      | Reached skill level 6 in Stealth
  3291 | D:4      | Noticed an orc warrior
  3339 | D:4      | Killed an orc warrior
  3496 | D:4      | Reached XP level 7. HP: 33/46 MP: 10/10
  3634 | D:4      | Reached * piety under Dithmenos
  4263 | D:5      | Entered Level 5 of the Dungeon
  4543 | D:5      | Reached skill level 7 in Stealth
  4543 | D:5      | Reached XP level 8. HP: 48/54 MP: 11/11
  4558 | D:5      | Found Wuzaycai's Antique Weapon Shoppe.
  4565 | D:5      | Bought a polished rapier for 216 gold pieces
  4943 | D:5      | Identified the cursed +2 rapier "Zadih" {pierce, *Slow rC+
                  | MR+ Str+4} (You bought it in a shop on level 5 of the
                  | Dungeon)
  5053 | D:6      | Noticed a troll
  5059 | D:6      | Killed a troll
  5220 | D:6      | Reached skill level 5 in Fighting
  5220 | D:6      | Reached skill level 5 in Short Blades
  5220 | D:6      | Reached skill level 5 in Throwing
  5232 | D:6      | Reached skill level 5 in Dodging
  5238 | D:6      | Reached ** piety under Dithmenos
  5333 | D:6      | Noticed a hippogriff
  5355 | D:5      | Killed a hippogriff
  5356 | D:5      | Reached skill level 1 in Invocations
  5356 | D:5      | Reached XP level 9. HP: 57/61 MP: 12/12
  5395 | D:6      | Noticed Pikel
  5412 | D:6      | Killed Pikel
  5413 | D:6      | Reached skill level 8 in Stealth
  5577 | D:6      | Noticed Menkaure
  5739 | D:6      | Killed Menkaure
  5795 | D:6      | Reached skill level 5 in Evocations
  5937 | D:6      | Noticed Eustachio
  5945 | D:6      | Killed Eustachio
  5946 | D:6      | Reached skill level 9 in Stealth
  6077 | D:6      | Noticed Prince Ribbit
  6086 | D:6      | Killed Prince Ribbit
  6087 | D:6      | Reached XP level 10. HP: 49/66 MP: 16/16
  6148 | D:6      | Reached skill level 5 in Invocations
  6284 | D:6      | Found a blossoming altar of Fedhas.
  6305 | D:6      | Reached skill level 5 in Spellcasting
  6530 | D:6      | Found a staircase to the Ecumenical Temple.
  6636 | D:7      | Reached skill level 10 in Stealth
  6767 | D:7      | Found Kaxeugh's Armour Shop.
  6797 | D:7      | Found Resud's General Store.
  6798 | D:7      | Found a burning altar of Makhleb.
  6798 | D:7      | Noticed an Executioner
  6824 | D:7      | Bought a scroll of teleportation for 33 gold pieces
  6824 | D:7      | Bought a scroll of enchant armour for 82 gold pieces
  6825 | D:7      | Found Parirr's Antique Weapon Boutique.
  7243 | D:7      | Found Vulaw's Distillery.
  7243 | D:7      | Found Qiohun's General Store.
  7263 | D:7      | Bought a potion of heal wounds for 60 gold pieces
  7263 | D:7      | Bought a potion of magic for 60 gold pieces
  7320 | D:7      | Reached *** piety under Dithmenos
  7906 | D:8      | Found a staircase to the Lair.
  8573 | Lair:1   | Entered Level 1 of the Lair of Beasts
  8579 | Lair:1   | Reached XP level 11. HP: 74/74 MP: 18/18
  8591 | Lair:1   | Noticed an eight-headed hydra
  8596 | Lair:1   | Killed an eight-headed hydra
  9104 | Lair:1   | Reached skill level 11 in Stealth
  9260 | Lair:1   | Got a brightly glowing turquoise ring
  9261 | Lair:1   | Identified the ring of Mutualism {MR- Int+2 Dex+4 Stlth--}
                  | (You found it on level 1 of the Lair of Beasts)
  9367 | Lair:1   | Reached **** piety under Dithmenos
  9503 | Lair:1   | Noticed a five-headed hydra
  9859 | Lair:1   | Killed a five-headed hydra
 10389 | Lair:2   | Learned a level 3 spell: Mephitic Cloud
 10403 | Lair:2   | Found a frozen archway.
 10540 | IceCv    | Entered an ice cave
 10743 | Lair:2   | Reached skill level 1 in Poison Magic
 10758 | Lair:2   | Learned a level 2 spell: Swiftness
 10860 | Lair:2   | Reached skill level 1 in Conjurations
 10860 | Lair:2   | Reached skill level 1 in Air Magic
 10860 | Lair:2   | Reached XP level 12. HP: 84/84 MP: 19/19
 10956 | Lair:2   | Reached skill level 1 in Charms
 10990 | Lair:2   | Reached skill level 12 in Stealth
 11253 | Lair:2   | Found a staircase to the Snake Pit.
 11582 | D:7      | Bought a potion of mutation for 80 gold pieces
 11582 | D:7      | Bought a scroll of teleportation for 30 gold pieces
 12390 | Lair:3   | Reached ***** piety under Dithmenos
 12723 | Lair:3   | Reached skill level 5 in Poison Magic
 12860 | Lair:3   | Noticed a four-headed hydra
 12867 | Lair:3   | Killed a four-headed hydra
 13512 | Lair:4   | Noticed Urug
 13642 | Lair:4   | Noticed an eight-headed hydra
 13651 | Lair:4   | Killed an eight-headed hydra
 13652 | Lair:4   | Reached skill level 10 in Fighting
 13652 | Lair:4   | Reached skill level 10 in Dodging
 13652 | Lair:4   | Reached XP level 13. HP: 42/92 MP: 19/21
 13982 | D:9      | Noticed Joseph
 13987 | D:9      | Killed Joseph
 14679 | D:9      | Found a staircase to the Orcish Mines.
 15292 | D:10     | Entered Level 10 of the Dungeon
 15297 | D:10     | Found a flagged portal.
 15621 | D:7      | Bought a potion of curing for 30 gold pieces
 15621 | D:7      | Bought a potion of heal wounds for 60 gold pieces
 15621 | D:7      | Bought 2 potions of curing for 60 gold pieces
 15621 | D:7      | Bought a potion of curing for 30 gold pieces
 15928 | Bailey   | Entered a bailey
 16069 | Bailey   | Found an iron altar of Okawaru.
 16182 | D:10     | Found Kiuzoruo's Food Boutique.
 17093 | D:10     | Found a runed translucent gate.
 17094 | D:10     | Found a runed translucent gate.
 17095 | D:10     | Found a runed translucent gate.
 17097 | D:10     | Noticed Exe's ghost (journeyman MiAc)
 17436 | Lair:4   | Reached skill level 10 in Invocations
 17772 | Lair:4   | Killed Urug
 18134 | Lair:4   | Found a staircase to the Shoals.
 18604 | Lair:5   | Found a runed translucent door.
 18607 | Lair:5   | Noticed zoran's ghost (journeyman MiHu)
 18611 | Lair:6   | Entered Level 6 of the Lair of Beasts
 18739 | Lair:6   | Reached XP level 14. HP: 94/99 MP: 26/26
 18788 | Lair:6   | Found a gate leading to a gauntlet.
 18923 | Gauntlet | Entered a Gauntlet
 18923 | Gauntlet | Found a transporter.
 18923 | Gauntlet | Found a transporter.
 18927 | Gauntlet | Found a transporter.
 18927 | Gauntlet | Found a transporter.
 18937 | Gauntlet | Found a transporter.
 18938 | Gauntlet | Found a transporter.
 18947 | Gauntlet | Found a transporter.
 18947 | Gauntlet | Found a transporter.
 18970 | Gauntlet | Found a transporter.
 18986 | Gauntlet | Found a transporter.
 19008 | Gauntlet | Found a transporter.
 19020 | Gauntlet | Found a transporter.
 19059 | Gauntlet | Found a transporter.
 19074 | Gauntlet | Found a transporter.
 19174 | Gauntlet | Found a transporter.
 19195 | Gauntlet | Found a transporter.
 19345 | Lair:6   | Reached ****** piety under Dithmenos
 20058 | Lair:4   | Reached skill level 10 in Evocations
 20196 | Orc      | Entered the Orcish Mines
 20488 | Orc      | Found a staircase to the Slime Pits.
 20525 | Orc      | Found a viscous altar of Jiyva.
 21402 | Orc      | Found Gaeriq's Antique Armour Boutique.
 21402 | Orc      | Found Iwyw's Armour Shop.
 21405 | Orc      | Found Riakeur's Distillery.
 21407 | Orc      | Found Kerhoz's Antique Armour Boutique.
 21410 | Orc      | Bought a scarf of clouds for 98 gold pieces
 21416 | Orc      | Bought a potion of curing for 42 gold pieces
 21416 | Orc      | Bought a potion of might for 68 gold pieces
 21416 | Orc      | Bought a potion of brilliance for 68 gold pieces
 22577 | D:11     | Noticed Grum
 22580 | D:11     | Killed Grum
 22781 | D:12     | Entered Level 12 of the Dungeon
 22954 | D:12     | Noticed a fire giant
 22968 | D:12     | Slain by a fire giant

Skill      XL: |  1  2  3  4  5  6  7  8  9 10 11 12 13 14 |
---------------+-------------------------------------------+-----
Dodging        | 1 2 3 5 6 8 10 | 10.3
Stealth        | 5 6 7 9 10 11 12 | 12.5
Fighting       | 3 4 5 6 8 10 | 10.3
Short Blades   | 3 4 5 6 8 |  8.5
Evocations     | 3 5 8 10 | 10.0
Throwing       | 2 3 5 |  5.5
Invocations    | 1 4 5 6 10 | 10.0
Spellcasting   | 4 5 8 |  8.0
Poison Magic   | 1 5 |  5.0
Conjurations   | 1 2 3 |  3.4
Air Magic      | 1 2 3 |  3.3
Charms         | 2 |  2.0
Hexes          | |  2.0
Transmutations | |  2.0
Earth Magic    | |  2.0

Action                   |  1- 3 |  4- 6 |  7- 9 | 10-12 | 13-15 || total
-------------------------+-------+-------+-------+-------+-------++-------
Melee: Dagger            |    70 |    65 |   124 |   229 |   384 ||   872
       Constrict         |    20 |    13 |    37 |    71 |    91 ||   232
       Tentacles         |    10 |    12 |    41 |    92 |   149 ||   304
       Long sword        |       |       |    13 |    56 |    91 ||   160
       Rapier            |       |       |    22 |   141 |    98 ||   261
 Fire: Blowgun           |       |       |    11 |    64 |    28 ||   103
Throw: Tomahawk          |       |     4 |    88 |   112 |   192 ||   396
       Stone             |       |     4 |       |       |       ||     4
       Javelin           |       |       |       |    31 |    29 ||    60
 Cast: Corona            |    18 |    10 |     8 |     6 |     1 ||    43
       Passwall          |     1 |     1 |     1 |     4 |    11 ||    18
       Mephitic Cloud    |       |       |       |    14 |    51 ||    65
       Swiftness         |       |       |       |       |     1 ||     1
Invok: Shadow Step       |       |       |       |     5 |     6 ||    11
Evoke: Lamp of fire      |       |       |     1 |     1 |     2 ||     4
       Wand              |       |       |     2 |    29 |    28 ||    59
       Lightning rod     |       |       |       |     5 |    12 ||    17
  Use: Scroll            |     1 |     1 |     2 |     9 |    15 ||    28
       Potion            |       |     2 |       |     6 |     3 ||    11
 Stab: Sleeping          |    12 |    13 |     7 |    32 |    38 ||   102
       Distracted        |       |       |       |     1 |     1 ||     2
       Confused          |       |       |       |    10 |    27 ||    37
       Paralysed         |       |       |       |     1 |       ||     1
       Invisible         |       |       |       |       |     1 ||     1
  Eat: Chunk             |     4 |     4 |    15 |    37 |    34 ||    94
       Ration            |       |     1 |       |     1 |     4 ||     6
Armor: Skin              |     8 |    24 |     6 |    25 |     6 ||    69
Dodge: Dodged            |    25 |    21 |   130 |   385 |   451 ||  1012
Block: Other             |       |       |       |     1 |     9 ||    10
